 Dungeon Crawl Stone Soup version 0.27-a0-1186-g8b4daa1eef (webtiles) character file.

Game seed: 13173178533281359467

94868 sizableburger the Zephyrmancer (level 15, -4/120 HPs)
             Began as a Palentonga Air Elementalist on May 19, 2021.
             Was the Champion of the Shining One.
             Slain by rjrrt's ghost (37 damage)
             ... on level 1 of the Swamp on May 20, 2021.
             The game lasted 02:38:11 (46836 turns).

sizableburger the Zephyrmancer (PaAE)              Turns: 46836, Time: 02:38:12

Health: -4/120     AC: 25    Str: 12      XL:     15   Next: 64%
Magic:  21/29      EV:  8    Int: 21 (22) God:    the Shining One [******]
Gold:   1200       SH:  4    Dex:  7 (10) Spells: 9/34 levels left

rFire    . . .     SeeInvis +   I - staff of conjuration
rCold    + . .     Faith    .   j - +0 buckler
rNeg     + + +     Spirit   .   J - +1 robe {Archmagi}
rPois    .         Reflect  .   i - +1 helmet "Quoqia" {rC+}
rElec    +         Harm     .   o - +2 cloak
rCorr    .         Rampage  .   t - +1 pair of gloves
Will     +....                  a - +0 barding
Stlth    +.........             x - amulet of magic regeneration
HPRegen  0.30/turn              F - ring of positive energy
MPRegen  0.46/turn              (no ring)

@: brilliant, glowing, curled up
A: large, rugged brown scales 3, see invisible, deformed body, roll 1, armoured
tail, reflexive curl, deterioration 1, electricity resistance
a: Rolling Charge, Renounce Religion, Divine Shield, Cleansing Flame, Summon
Divine Warrior, Brand Weapon With Holy Wrath


You were on level 1 of the Swamp.
You worshipped the Shining One.
The Shining One was exalted by your worship.
You visited 6 branches of the dungeon, and saw 22 of its levels.

You collected 2650 gold pieces.
You spent 1450 gold pieces at shops.

Inventory:

Hand Weapons
 d - a +3 whip of freezing
 m - a +0 flail
Armour
 a - a +0 barding (worn)
 i - the +1 helmet "Quoqia" (worn) {rC+}
   (You took it off Robin on level 2 of the Dungeon)

   It protects you from cold.
 j - a +0 buckler (worn)
 o - a +2 cloak (worn)
 t - a +1 pair of gloves (worn)
 A - a scarf of harm
 B - +0 swamp dragon scales
 J - a +1 robe of the Archmagi (worn)
Magical Staves
 I - a staff of conjuration (weapon)
Jewellery
 x - an amulet of magic regeneration (around neck)
 D - the ring "Dudd" {rF+ rN+++ Str+6 Dex-3 Stlth+}
   (You found it on level 6 of the Lair of Beasts)

   [ring of strength]

   It affects your strength (+6).
   It affects your dexterity (-3).
   It protects you from fire.
   It renders you almost immune to negative energy.
   It makes you more stealthy.
 F - a ring of positive energy (left hand)
Wands
 c - a wand of flame (73)
 l - a wand of acid (10)
 y - a wand of charming (15)
 z - a wand of paralysis (8)
 C - a wand of mindburst (14)
 E - a wand of polymorph (21)
Scrolls
 f - a scroll of fog
 g - a scroll of noise
 p - a scroll of blinking
 r - 6 scrolls of immolation
 H - a scroll of magic mapping
Potions
 b - 4 potions of curing
 e - 2 potions of might
 h - 3 potions of resistance
 k - a potion of ambrosia {unknown}
 n - 2 potions of attraction
 q - 6 potions of brilliance
 u - 4 potions of flight
 v - a potion of magic {unknown}
 w - a potion of invisibility {unknown}
 G - 2 potions of haste {unknown}
 K - a potion of cancellation {unknown}


   Skills:
 - Level 9.0 Fighting
 - Level 5.4(7.1) Maces & Flails
 + Level 7.0(7.9) Staves
 - Level 5.6 Armour
 - Level 6.3 Dodging
 - Level 1.2 Stealth
 - Level 3.5 Shields
 - Level 10.1 Spellcasting
 + Level 10.7 Conjurations
 - Level 5.2 Translocations
 - Level 11.0 Air Magic
 + Level 10.4 Invocations
 - Level 4.5 Evocations


You had 9 spell levels left.
You knew the following spells:

 Your Spells              Type           Power      Damage    Failure   Level
a - Shock                 Conj/Air       100%       1d9       1%          1
b - Static Discharge      Conj/Air       100%       N/A       1%          2
c - Swiftness             Air            91%        N/A       1%          3
d - Airstrike             Air            45%        N/A       1%          4
e - Mephitic Cloud        Conj/Pois/Air  95%        N/A       1%          3
f - Lightning Bolt        Conj/Air       56%        1d78      1%          5
g - Blink                 Tloc           N/A        N/A       1%          2
h - Iskenderun's Battles  Conj           100%       2d15      2%          5

Your spell library contained the following spells:

 Spells                   Type           Power      Damage    Failure   Level
 Magic Dart               Conj           100%       1d8       1%          1
 Conjure Flame            Conj/Fire      84%        6-21      2%          3
 Dazzling Flash           Conj/Hex       100%       N/A       2%          3
 Gell's Gravitas          Tloc           32%        N/A       2%          3
 Animate Skeleton         Necr           46%        N/A       6%          1
 Beastly Appendage        Tmut           46%        N/A       6%          1
 Corona                   Hex            25%        N/A       6%          1
 Pain                     Necr           92%        1d8       6%          1
 Call Imp                 Summ           23%        N/A       10%         2
 Ensorcelled Hibernation  Hex/Ice        46%        N/A       10%         2
 Slow                     Hex            23%        N/A       10%         2
 Wereblood                Tmut           23%        N/A       10%         2
 Confusing Touch          Hex            23%        N/A       19%         3
 Spider Form              Tmut/Pois      11%        N/A       19%         3
 Tukima's Dance           Hex            23%        N/A       19%         3
 Vampiric Draining        Necr           11%        2d7       19%         3
 Bolt of Magma            Conj/Fire/Erth 36%        4d16      38%         5
 Animate Armour           Summ/Erth      46%        N/A       54%         4
 Animate Dead             Necr           11%        N/A       54%         4
 Ice Form                 Ice/Tmut       23%        N/A       54%         4
 Leda's Liquefaction      Hex/Erth       11%        N/A       54%         4
 Petrify                  Tmut/Erth      23%        N/A       54%         4
 Orb of Destruction       Conj           56%        9d16      56%         7
 Iron Shot                Conj/Erth      42%        9d8       73%         6
 Agony                    Necr           23%        N/A       87%         5
 Hydra Form               Tmut           11%        N/A       87%         5
 Metabolic Englaciation   Hex/Ice        11%        N/A       87%         5
 Yara's Violent Unravell  Hex/Tmut       11%        3d6       87%         5
 Spellforged Servitor     Conj/Summ      42%        N/A       99%         7
 Statue Form              Tmut/Erth      15%        N/A       100%        6
 Shatter                  Erth           11%        3d12*     100%        9


Dungeon Overview and Level Annotations

Branches:
Dungeon (11/15)            Temple (1/1) D:5            Lair (6/6) D:9
  Swamp (1/4) Lair:4       Spider (1/4) Lair:2        Slime (0/5) Lair:5
    Orc (2/2) D:11            Elf (0/3) Orc:2

Altars:
Ashenzari
Cheibriados
Elyvilon
Fedhas
Hepliaklqana
Kikubaaqudgha
Nemelex Xobeh
Uskayaw
Wu Jian
Yredelemnul
Zin
The Shining One
Beogh

Shops:
Orc:1 ?   Orc:2 ![(*:

Annotations:
Swamp:1 rjrrt's ghost, adept TrBe


Innate Abilities, Weirdness & Mutations

You are completely covered in rugged brown scales. (AC +3, +7% HP)
You have supernaturally acute eyesight. (SInv)
Armour fits poorly on your strangely shaped body.
You can roll at nearby foes to attack.
You have a long armoured tail.
You curl defensively after being hit.
Your body sometimes deteriorates upon taking damage.
You are resistant to electric shocks. (rElec)


Message History

Your Staves skill increases to level 7!
Casting: Lightning Bolt (mildly dangerous; 1% risk of failure)
Confirm with . or Enter, or press ? or * to list all spells.
Aiming: Lightning Bolt (mildly dangerous; 1% risk of failure)
Press: ? - help, Shift-Dir - straight line, f - 15-headed hydra
Aim: a 15-headed hydra (severely wounded, haloed, 93% to hit)
You feel a huge surge of power!
You hear a mighty clap of thunder!
The bolt of lightning hits the 15-headed hydra!
The 15-headed hydra is almost dead.
The 15-headed hydra bites you but does no damage.
The 15-headed hydra bites you. The 15-headed hydra bites you!
The 15-headed hydra bites you but does no damage. x2
The 15-headed hydra barely misses you.
The 15-headed hydra bites you but does no damage. x2
The 15-headed hydra closely misses you.
The 15-headed hydra bites you but does no damage. x3
The 15-headed hydra bites you. The 15-headed hydra bites you!
The 15-headed hydra bites you but does no damage.
Rjrrt's ghost hits you. The 15-headed hydra closely misses you.
The 15-headed hydra bites you but does no damage. x2
The 15-headed hydra bites you!
The 15-headed hydra bites you but does no damage.
The 15-headed hydra bites you. The 15-headed hydra closely misses you.
The 15-headed hydra barely misses you. The 15-headed hydra bites you!
* * * LOW HITPOINT WARNING * * *
The 15-headed hydra bites you but does no damage. x2
You block the 15-headed hydra's attack.
The 15-headed hydra bites you but does no damage.
The 15-headed hydra bites you.
* * * LOW HITPOINT WARNING * * *
The 15-headed hydra bites you but does no damage.
Unknown command.
Okay, then.
Okay, then.
Okay, then.
As you read the scroll of fear, it crumbles to dust.
You assume a fearsome visage.
The 15-headed hydra looks frightened! x2
Rjrrt's ghost is unaffected.
Rjrrt's ghost hits you!!!
You die...

♣♣♣♣♣♣♣♣♣.♣§♣ ♣♣♣
♣♣♣♣♣♣♣§...≈≈♣....≈ ♣.♣♣
♣≈...♣§.≈≈≈...♣≈..≈ ♣♣≈≈♣
♣♣≈≈≈≈♣≈≈≈≈≈...≈≈.≈≈ ♣♣..≈♣♣
♣.≈≈≈≈...≈≈≈≈≈..≈.♣♣ ♣≈...≈♣
♣♣≈≈≈....≈≈≈≈≈≈.♣♣.≈
♣♣>..♣♣♣♣♣.≈≈≈♣.≈≈≈≈≈...≈..≈
♣≈.≈♣>.♣≈≈≈≈.(≈§≈≈≈..≈≈>..§
♣♣♣♣.≈≈.D.@§#####≈.♣.≈≈≈..≈
♣♣≈.≈..§DW##.♣≈##.♣..≈..≈≈
♣♣≈♣≈≈.....#....≈##.......≈
♣≈.♣♣......'...!.♣#......♣≈
♣♣≈........'..).(.#...≈..♣♣
♣♣...≈≈≈≈..'...$.♣#...≈≈.♣♣
♣≈..§≈§≈≈..#.....##≈≈≈≈..♣♣
♣♣♣.≈≈≈≈≈..##.♣♣##≈....≈♣♣♣
♣♣≈♣.≈≈≈..♣≈#####....≈.≈♣


You could see 2 15-headed hydras and rjrrt's ghost.

Vanquished Creatures
  Frances (Swamp:1)
  A thorn hunter (Swamp:1)
  A fenstrider witch (Swamp:1)
  An orc warlord (Orc:2)
  The ghost of miscthings the Thaumaturge, a journeyman DjCj of Makhleb (Orc:2)
  A bunyip (Lair:4)
  An entropy weaver (Lair:2)
  An eleionoma (Swamp:1)
  16 hydras
  An ogre mage (Orc:2)
  2 alligators (Lair:4)
  Erica (Orc:1)
  5 two-headed ogres
  11 death yaks
  An orc high priest (Orc:2)
  A goliath frog (Swamp:1)
  3 spriggan druids (Swamp:1)
  A swamp dragon (Swamp:1)
  5 orc knights
  3 bog bodies
  5 oklob plants
  A necromancer (Swamp:1)
  Pikel (D:7)
  3 orb spiders (Spider:1)
  3 wolf spiders
  A cyclops (D:11)
  3 orc sorcerers (Orc:2)
  2 moths of wrath
  Maurice (D:8)
  An elephant (D:9)
  7 black mambas
  A torpor snail (Lair:6)
  13 cane toads
  Maggie (D:7)
  Psyche (D:11)
  A kobold demonologist (D:10)
  3 rime drakes
  An unseen horror (D:11)
  5 demonic crawlers (Lair:2)
  7 komodo dragons
  3 tyrant leeches (Swamp:1)
  3 trolls
  14 polar bears
  7 jumping spiders
  2 hornets (Swamp:1)
  15 blink frogs
  6 raiju (Lair:6)
  15 redbacks
  4 spriggans
  A shadow (D:11)
  2 wyverns (D:11)
  32 yaks
  4 tarantellas
  4 basilisks
  A steam dragon (Lair:3)
  13 wargs
  An acid dragon (D:10)
  7 swamp worms
  16 water moccasins
  11 hell hounds
  2 ice beasts (D:6)
  30 orc warriors
  15 black bears
  9 ogres
  25 wolves
  4 centaurs
  A lemure (D:7)
  A kobold brigand (D:10)
  Blork the orc (D:6)
  10 bullfrogs
  3 scorpions
  A water moccasin zombie (D:5)
  A water moccasin skeleton (D:6)
  19 killer bees
  4 wights (D:8)
  7 electric eels
  A howler monkey (D:4)
  2 hounds
  A centaur zombie (D:10)
  5 jellies
  23 orc priests
  Crazy Yiuf (D:2)
  28 orc wizards
  5 hell rats
  Robin (D:2)
  6 gnolls
  A howler monkey skeleton (D:4)
  2 howler monkey zombies
  9 adders
  A river rat (D:3)
  A white imp (D:6)
  An ufetubus (D:6)
  A worm (D:3)
  6 dart slugs
  112 orcs
  9 bats
  11 endoplasms
  24 goblins
  16 hobgoblins
  9 jackals (D:3)
  20 kobolds
  5 quokkas
  10 ball pythons
  5 frilled lizards
  A quokka skeleton (D:4)
  7 rats
  A butterfly (Lair:2)
738 creatures vanquished.

Vanquished Creatures (collateral kills)
  A cane toad (Lair:6)
  2 yaks (Lair:6)
  A hell rat (Lair:6)
4 creatures vanquished.

Vanquished Creatures (others)
  A bloated husk (Swamp:1)
  A warg (Orc:2)
  A black bear (D:8)
  A human (D:5)
  A gnoll (D:7)
  37 fungi
  137 plants
179 creatures vanquished.

Grand Total: 921 creatures vanquished

Notes
Turn   | Place    | Note
-------+----------+-------------------------------------------
     0 | D:1      | sizableburger the Palentonga Air Elementalist began the
                  | quest for the Orb.
     0 | D:1      | Reached XP level 1. HP: 13/13 MP: 3/3
     0 | D:1      | Upgraded the game from 0.27-a0-1184-ge86db4a01e to
                  | 0.27-a0-1186-g8b4daa1eef
   119 | D:1      | Reached skill level 1 in Conjurations
   262 | D:1      | Reached XP level 2. HP: 19/20 MP: 0/5
   974 | D:1      | Reached XP level 3. HP: 20/25 MP: 3/6
  1293 | D:2      | Reached skill level 1 in Maces & Flails
  1357 | D:2      | Identified the +1 helmet "Quoqia" {rC+}
  1357 | D:2      | Noticed Robin
  1373 | D:2      | Killed Robin
  1374 | D:2      | Reached skill level 3 in Air Magic
  1600 | D:2      | Learned a level 2 spell: Static Discharge
  1604 | D:2      | Learned a level 3 spell: Swiftness
  1680 | D:2      | Reached XP level 4. HP: 23/27 MP: 7/7
  2145 | D:2      | Found a snail-covered altar of Cheibriados.
  2329 | D:2      | Found a runed translucent door.
  2330 | D:2      | Noticed Crazy Yiuf
  2635 | D:2      | Noticed an ogre
  4333 | D:3      | Reached XP level 5. HP: 37/37 MP: 4/8
  4640 | D:4      | Reached skill level 1 in Shields
  5172 | D:4      | Reached XP level 6. HP: 35/43 MP: 7/10
  6452 | D:4      | Reached skill level 4 in Air Magic
  6637 | D:5      | Entered Level 5 of the Dungeon
  6869 | D:6      | Gained mutation: You curl defensively after being hit.
                  | [Palentonga growth]
  6869 | D:6      | Reached XP level 7. HP: 45/49 MP: 6/12
  7113 | D:6      | Noticed Blork the orc
  7136 | D:6      | Killed Blork the orc
  7190 | D:6      | Learned a level 4 spell: Airstrike
  7685 | D:5      | Found a staircase to the Ecumenical Temple.
  7701 | Temple   | Entered the Ecumenical Temple
  7732 | Temple   | Became a worshipper of the Shining One
  7777 | D:5      | Reached skill level 5 in Air Magic
  8002 | D:5      | Reached skill level 5 in Spellcasting
  8258 | D:5      | Found an ancient bone altar of Kikubaaqudgha.
  8261 | D:5      | Noticed a human
  8263 | D:5      | Killed a human
  8292 | D:5      | Learned a level 3 spell: Mephitic Cloud
  8403 | D:6      | Reached XP level 8. HP: 55/55 MP: 5/15
  9406 | D:7      | Noticed Pikel
  9427 | D:7      | Killed Pikel
 10023 | D:7      | Noticed Maggie
 10027 | D:7      | Killed Maggie
 10028 | D:7      | Reached skill level 5 in Maces & Flails
 10028 | D:7      | Reached XP level 9. HP: 12/60 MP: 6/18
 10627 | D:2      | Killed Crazy Yiuf
 10846 | D:2      | Reached skill level 1 in Fighting
 11277 | D:8      | Reached * piety under the Shining One
 11401 | D:8      | Found a hazy altar of Hepliaklqana.
 11661 | D:8      | Reached skill level 5 in Conjurations
 11915 | D:8      | Found a glowing silver altar of Zin.
 11935 | D:8      | Reached skill level 6 in Air Magic
 12323 | D:8      | Noticed Maurice
 12343 | D:8      | Killed Maurice
 12697 | D:9      | Found a staircase to the Lair.
 12697 | D:9      | Noticed an elephant
 13001 | D:9      | Reached XP level 10. HP: 78/78 MP: 11/20
 13007 | D:9      | Learned a level 5 spell: Lightning Bolt
 13057 | D:9      | Killed an elephant
 13246 | D:9      | Reached ** piety under the Shining One
 13468 | D:9      | Reached skill level 1 in Evocations
 13473 | D:9      | Reached skill level 5 in Fighting
 13683 | D:9      | Noticed a two-headed ogre
 13692 | D:9      | Killed a two-headed ogre
 13693 | D:9      | Reached skill level 7 in Air Magic
 13918 | D:9      | Noticed a two-headed ogre
 13924 | D:9      | Killed a two-headed ogre
 14567 | D:10     | Entered Level 10 of the Dungeon
 15111 | D:10     | Found a basalt altar of Yredelemnul.
 15844 | Lair:1   | Entered Level 1 of the Lair of Beasts
 15907 | Lair:1   | Reached XP level 11. HP: 56/86 MP: 6/21
 15914 | Lair:1   | Reached skill level 1 in Armour
 16113 | Lair:1   | Reached skill level 1 in Invocations
 16305 | Lair:1   | Noticed a four-headed hydra
 16492 | Lair:1   | Killed a four-headed hydra
 16493 | Lair:1   | Reached skill level 8 in Air Magic
 17557 | Lair:2   | Found a hole to the Spider Nest.
 17724 | Lair:2   | You fall into a shaft and drop 2 floors!
 18237 | Lair:4   | Noticed a seven-headed hydra
 18257 | Lair:4   | Killed a seven-headed hydra
 18830 | Lair:4   | Reached skill level 5 in Invocations
 19090 | Lair:4   | Reached XP level 12. HP: 48/94 MP: 0/24
 20086 | Lair:4   | Reached *** piety under the Shining One
 20257 | Lair:4   | Noticed an eight-headed hydra
 20287 | Lair:4   | Killed an eight-headed hydra
 20455 | Lair:4   | Noticed a six-headed hydra
 20501 | Lair:4   | Killed a six-headed hydra
 20737 | Lair:4   | Found a staircase to the Swamp.
 20933 | Lair:3   | Found a broken altar of Ashenzari.
 21457 | Lair:2   | Reached skill level 9 in Air Magic
 22009 | Lair:2   | Learned a level 2 spell: Blink
 22440 | Lair:2   | Reached skill level 1 in Translocations
 23576 | Lair:3   | Noticed an eight-headed hydra
 23583 | Lair:3   | Killed an eight-headed hydra
 25406 | Lair:5   | Found a staircase to the Slime Pits.
 25899 | Lair:5   | Identified the +1 buckler "Lafys" {rElec Will+ Dex-2 SInv}
 26052 | Lair:5   | Reached skill level 10 in Air Magic
 26423 | Lair:6   | Entered Level 6 of the Lair of Beasts
 26641 | Lair:6   | Noticed a death yak
 26732 | Lair:5   | Killed a death yak
 26733 | Lair:5   | Reached XP level 13. HP: 27/99 MP: 6/25
 28596 | Lair:6   | Found a sparkling altar of Nemelex Xobeh.
 28623 | Lair:6   | Identified the ring "Dudd" {rF+ rN+++ Str+6 Dex-3 Stlth+}
 29148 | Lair:6   | Reached **** piety under the Shining One
 29154 | Lair:6   | Reached skill level 5 in Translocations
 29221 | Lair:5   | Reached skill level 5 in Dodging
 29221 | Lair:5   | Reached skill level 11 in Air Magic
 29660 | Lair:6   | Reached skill level 5 in Armour
 32202 | Lair:6   | Reached skill level 10 in Spellcasting
 32612 | Lair:6   | Reached XP level 14. HP: 100/111 MP: 5/28
 33372 | Lair:6   | Reached ***** piety under the Shining One
 34538 | D:11     | Noticed Psyche
 34544 | D:11     | Killed Psyche
 34694 | D:11     | Found a staircase to the Orcish Mines.
 34756 | D:11     | Found a blossoming altar of Fedhas.
 35479 | Orc:1    | Entered Level 1 of the Orcish Mines
 35484 | Orc:1    | Noticed Erica
 35488 | Orc:1    | Killed Erica
 35962 | Orc:1    | Found Dafacho's Magic Scroll Boutique.
 35967 | Orc:1    | Bought a scroll of acquirement for 676 gold pieces
 35967 | Orc:1    | Acquired a staff of conjuration
 36623 | Orc:2    | Entered Level 2 of the Orcish Mines
 36626 | Orc:2    | Found a staircase to the Elven Halls.
 36745 | Orc:2    | Reached skill level 1 in Staves
 37741 | Orc:2    | Noticed an orc warlord
 37747 | Orc:2    | Killed an orc warlord
 38029 | Orc:2    | Found Zemoxzoc's General Store.
 38106 | Orc:2    | Found Nut Hoopn's Book Shop.
 38128 | Orc:2    | Found Bir Qiew's Antique Armour Shop.
 38169 | Orc:2    | Bought a book of Power for 630 gold pieces
 38219 | Orc:2    | Found Golom Jyghum's Antique Weapon Shop.
 38544 | Orc:2    | Found Jyrreuho's Distillery.
 38565 | Orc:2    | Found a transporter.
 38568 | Orc:2    | Noticed miscthings's ghost (journeyman DjCj)
 38586 | Orc:2    | Found a transporter.
 38588 | Orc:2    | Killed miscthings's ghost
 39504 | Spider:1 | Entered Level 1 of the Spider Nest
 40447 | Lair:2   | Reached XP level 15. HP: 87/120 MP: 4/29
 41982 | Lair:2   | Reached skill level 5 in Staves
 42678 | Swamp:1  | Entered Level 1 of the Swamp
 43817 | Lair:4   | Reached skill level 10 in Conjurations
 44798 | Swamp:1  | Noticed a thorn hunter
 44811 | Swamp:1  | Killed a thorn hunter
 44959 | Swamp:1  | Learned a level 5 spell: Iskenderun's Battlesphere
 44963 | Swamp:1  | Found a runed translucent gate.
 44964 | Swamp:1  | Found a runed translucent gate.
 44965 | Swamp:1  | Found a runed translucent gate.
 44966 | Swamp:1  | Noticed rjrrt's ghost (adept TrBe)
 45100 | Swamp:1  | Reached ****** piety under the Shining One
 45164 | Swamp:1  | Reached skill level 10 in Invocations
 45279 | Swamp:1  | Noticed Frances
 45367 | Swamp:1  | Gained mutation: You sometimes lose the ability to read
                  | scrolls when taking damage. [potion of mutation]
 45367 | Swamp:1  | Gained mutation: You possess an exceptional clarity of
                  | mind. [potion of mutation]
 45367 | Swamp:1  | Gained mutation: You are frail. (-10% HP) [potion of
                  | mutation]
 45368 | Swamp:1  | Lost mutation: You sometimes lose the ability to read
                  | scrolls when taking damage. [potion of mutation]
 45368 | Swamp:1  | Lost mutation: You are frail. (-10% HP) [potion of
                  | mutation]
 45368 | Swamp:1  | Gained mutation: You are clumsy. (Dex -2) [potion of
                  | mutation]
 45368 | Swamp:1  | Gained mutation: Your muscles are strong. (Str +2) [potion
                  | of mutation]
 45369 | Swamp:1  | Lost mutation: Your muscles are strong. (Str +2) [potion of
                  | mutation]
 45369 | Swamp:1  | Lost mutation: You possess an exceptional clarity of mind.
                  | [potion of mutation]
 45369 | Swamp:1  | Gained mutation: Your body sometimes deteriorates upon
                  | taking damage. [potion of mutation]
 45369 | Swamp:1  | Gained mutation: Your mind is acute. (Int +2) [potion of
                  | mutation]
 45369 | Swamp:1  | Noticed a fenstrider witch
 45373 | Swamp:1  | Killed a fenstrider witch
 45397 | Swamp:1  | Gained mutation: Your body often deteriorates upon taking
                  | damage. [a neqoxec]
 45944 | Orc:2    | Bought a potion of mutation for 144 gold pieces
 45944 | Orc:2    | Lost mutation: Your body often deteriorates upon taking
                  | damage. [potion of mutation]
 45944 | Orc:2    | Lost mutation: You are clumsy. (Dex -2) [potion of
                  | mutation]
 45944 | Orc:2    | Lost mutation: Your mind is acute. (Int +2) [potion of
                  | mutation]
 45944 | Orc:2    | Gained mutation: You are resistant to electric shocks.
                  | (rElec) [potion of mutation]
 46234 | Swamp:1  | Killed Frances
 46836 | Swamp:1  | Slain by rjrrt's ghost

Illustrated notes

Levels and vault maps discovered:
D:1:      zaba_arrival_water, layout_rooms
D:2:      layout_basic, basic_altar, minmay_randomly_rotated_circles,
          uniq_crazy_yiuf_cottage, uniq_robin
D:3:      wad_lake_hut, layout_loops_ring, gup_sewer_entry_bubbles
D:4:      layout_basic, grunt_ministairs_3, kennysheep_generic_room_12
D:5:      layout_loops_ring, tgw_kikubaaqudgha,
          minmay_temple_entry_gardened_gates, nrook_pool_corridor
D:6:      layout_cave_pools, chequers_avenue, uniq_blork_the_orc
D:7:      corexii_shantytown, layout_cave_pools, item_on_display_a, uniq_maggie,
          uniq_pikel
D:8:      layout_basic, nicolae_hepliaklqana_hazy_memory, lemuel_round_altar,
          special_room [special_room_orc], uniq_maurice
D:9:      layout_irregular_city, david_lair_generic
D:10:     layout_basic, yredelemnul_altar_generic, dk_noncrumbling_3
D:11:     layout_roguey, hiddenorc1_lemuel, fedhas_altar_4, uniq_psyche
Temple:   dpeg_five_rooms_temple
Lair:1:   layout_loops_ring, grunt_megastairs_4
Lair:2:   layout_regular_city, spider_nest_entry_web_field, st_stairs_6,
          forest_entry_grove, lemuel_fruit_fields, grunt_megastairs_1
Lair:3:   layout_gridlike, lemuel_oklob_altar
Lair:4:   layout_long_grid, palyth_hydra_swamp_entry
Lair:5:   layout_gridlike, nicolae_slime_entry_slimehenge, serial_forest,
          infiniplex_forest_corner_2, infiniplex_forest_straight_2,
          infiniplex_forest_end_2, infiniplex_forest_lined_room_2,
          infiniplex_forest_clump_diagonal, infiniplex_forest_lined_3_way,
          infiniplex_forest_clump_curved, serial_bayou_shore_a
Lair:6:   hangedman_lair_caniforms_friends, layout_gridlike, basic_altar,
          grunt_forest_stairs_basic, minmay_lair_oklob_chamber
Swamp:1:  nicolae_swamp_standing_stones, layout_basic_swamp,
          gammafunk_ghost_hydra_chop, serial_swamp_ruin,
          evilmike_swamp_ruin_house_1, evilmike_swamp_ruin_house_5, uniq_frances
Spider:1: layout_spider_delve, drop_trap, guppyfry_spider_mini_3
Orc:1:    minmay_goldmine, layout_diamond_mine, serial_shops,
          nicolae_shop_trees, uniq_erica
Orc:2:    grunt_orc_cross, layout_caves, serial_shops, shop,
          gammafunk_ghost_berserking_beasts

Skill      XL: |  1  2  3  4  5  6  7  8  9 10 11 12 13 14 15 |
---------------+----------------------------------------------+-----
Conjurations   | 1 2 4 6 7 8 9 10 | 10.7
Maces & Flails | 1 2 5 |  5.4
Air Magic      | 3 4 5 6 7 8 10 11 | 11.0
Shields        | 1 2 3 |  3.5
Spellcasting   | 3 5 6 7 8 10 | 10.1
Fighting       | 4 6 7 9 |  9.0
Evocations     | 3 4 |  4.5
Armour         | 4 5 |  5.6
Invocations    | 5 8 10 | 10.4
Dodging        | 3 5 6 |  6.3
Translocations | 3 5 |  5.2
Staves         | 4 7 |  7.0
Stealth        | |  1.2

Action                   |  1- 3 |  4- 6 |  7- 9 | 10-12 | 13-15 || total
-------------------------+-------+-------+-------+-------+-------++-------
Melee: Unarmed           |     3 |       |       |       |       ||     3
       Club              |    44 |   111 |       |       |       ||   155
       Tailslap          |     7 |     8 |    17 |    28 |    36 ||    96
       Flail             |       |    19 |    75 |       |       ||    94
       Whip              |       |       |   121 |   275 |   236 ||   632
       Staff             |       |       |       |       |   106 ||   106
 Cast: Shock             |    37 |   116 |   128 |   154 |   155 ||   590
       Static Discharge  |       |     3 |    13 |   112 |    87 ||   215
       Swiftness         |       |     1 |     2 |     4 |    21 ||    28
       Airstrike         |       |       |    20 |    95 |   418 ||   533
       Mephitic Cloud    |       |       |     7 |     7 |    14 ||    28
       Lightning Bolt    |       |       |       |    33 |   130 ||   163
       Iskenderun's Batt |       |       |       |       |     7 ||     7
       Blink             |       |       |       |       |     1 ||     1
Invok: Divine Shield     |       |       |       |     1 |     1 ||     2
 Abil: Rolling Charge    |    14 |     9 |    22 |    16 |    10 ||    71
Evoke: Wand              |       |       |     6 |       |    12 ||    18
  Use: Scroll            |       |    12 |     5 |     8 |    10 ||    35
       Potion            |       |     1 |       |     1 |    13 ||    15
 Stab: Sleeping          |       |     1 |       |       |       ||     1
Armor: Robe              |    30 |   131 |   119 |   106 |   105 ||   491
       Skin              |       |     4 |       |       |       ||     4
       Swamp dragon scal |       |       |       |   181 |   624 ||   805
Dodge: Dodged            |    27 |   121 |   118 |   188 |   370 ||   824
Block: Buckler           |       |       |    43 |    91 |   191 ||   325

Table legend: (Time is in decaauts)
 A = Elapsed time spent in this place.
 B = Non-inter-level travel time spent in this place.
 C = Inter-level travel time spent in this place.
 D = Time resting spent in this place.
 E = Time spent auto-exploring this place.
 F = Levels seen in this place.
 G = Mean time per level.
                   A        B        C        D        E       F      G
               +--------+--------+--------+--------+--------+-----+--------+
         Total |  47132 |  44527 |   2605 |  21704 |  15940 |  22 | 2142.4 |
       Dungeon |  17688 |  16284 |   1404 |   5481 |   8147 |  11 | 1608.0 |
        Temple |     61 |     33 |     28 |      0 |      0 |   1 |   61.0 |
          Lair |  23659 |  22618 |   1041 |  13787 |   5752 |   6 | 3943.2 |
         Swamp |   1736 |   1736 |      0 |    548 |    935 |   1 | 1736.0 |
   Spider Nest |    163 |    163 |      0 |     82 |      0 |   1 |  163.0 |
  Orcish Mines |   3822 |   3690 |    132 |   1805 |   1105 |   2 | 1911.0 |
               +--------+--------+--------+--------+--------+-----+--------+

Top non-repeatable levels by time:
  Lair:4: 5635 daAuts
  Lair:2: 5097 daAuts
  Lair:5: 4830 daAuts
  Lair:6: 4148 daAuts
     D:4: 2368 daAuts
   Orc:2: 2265 daAuts
  Lair:3: 2204 daAuts
     D:2: 1941 daAuts
     D:3: 1894 daAuts
  Lair:1: 1743 daAuts
 Swamp:1: 1736 daAuts
     D:9: 1715 daAuts
     D:8: 1678 daAuts
     D:6: 1652 daAuts
    D:11: 1562 daAuts
